 Dungeon Crawl Stone Soup version 0.30.0 (webtiles) character file.

Game seed: 585904492368880566

84 Esekla the Ducker (level 4, 0/35 HPs)
             Began as a Draconian Wanderer on May 6, 2023.
             Was an Initiate of Vehumet.
             Slain by an orc priest
             ... wielding a +0 hand axe
              (3 damage)
             ... on level 3 of the Dungeon.
             The game lasted 00:07:33 (1983 turns).

Esekla the Ducker (Draconian Wanderer)              Turns: 1983, Time: 00:07:34

Health: 0/35       AC:  7    Str: 14    XL:     4   Next: 23%
Magic:  1/6        EV: 13    Int: 14    God:    Vehumet [......]
Gold:   80         SH:  0    Dex: 11    Spells: 2/6 levels left

rFire   . . .        g - +2 dagger (drain)
rCold   + . .        (no shield)
rNeg    . . .        (body armour unavailable)
rPois   .            (helmet restricted)
rElec   .            e - +0 cloak
rCorr   .            (no gloves)
SInv    .            k - +0 pair of boots
Will    .....        (no amulet)
Stlth   +            l - ring of flight
HPRegen 0.25/turn    o - ring of protection from cold
MPRegen 0.10/turn

%: no passive effects
@: flying, very slightly contaminated
A: AC +5, unfitting armour, cold-blooded
a: Renounce Religion


You were on level 3 of the Dungeon.
You worshipped Vehumet.
Vehumet was noncommittal.
You visited 1 branch of the dungeon, and saw 3 of its levels.

You collected 80 gold pieces.

Inventory:

Hand Weapons
 a - a +0 long sword
 g - a +2 dagger of draining (weapon)
Missiles
 b - 4 throwing nets (quivered)
Armour
 e - a +0 cloak (worn)
 k - a +0 pair of boots (worn)
Magical Staves
 f - a staff of death
Jewellery
 l - a ring of flight (left hand)
 o - a ring of protection from cold (right hand)
 p - a ring of fire
Scrolls
 d - a scroll of fog
 h - 4 scrolls of vulnerability {unknown}
 i - 3 scrolls of identify {unknown}
 r - a scroll of enchant armour {unknown}
 s - a scroll of immolation {unknown}
Potions
 c - a potion of attraction
 j - a potion of mutation {unknown}
 m - 3 potions of lignification {unknown}
 n - a potion of heal wounds {unknown}
 q - 2 potions of berserk rage {unknown}
 t - a potion of haste {unknown}


   Skills:
 * Level 1.5 Fighting
 + Level 1.2 Short Blades
 + Level 0.5 Staves
 + Level 4.4 Dodging
 * Level 1.6 Spellcasting
 * Level 1.3 Ice Magic
 + Level 1.0 Invocations
 + Level 2.2 Evocations


You had 2 spell levels left.
You knew the following spells:

 Your Spells              Type           Power      Damage    Failure   Level
a - Freeze                Ice            16%        1d4       14%         1
r - Frozen Ramparts       Ice            8%         1d2       38%         3

Your spell library contained the following spells:

 Spells                   Type           Power      Damage    Failure   Level


Dungeon Overview and Level Annotations

Branches:
Dungeon (3/15)

Altars:
Vehumet


Innate Abilities, Weirdness & Mutations

Your plain brown scales are hard. (AC +5)
You cannot fit into any form of body armour.
You are cold-blooded and may be slowed by cold attacks.


Message History

The orc is lightly wounded.
The wall freezes the orc priest.
The wall freezes the orc but does no damage.
You hit the orc.
Your tail-slap misses the orc.
The orc is moderately wounded.
The wall freezes the orc but does no damage.
The wall freezes the orc priest but does no damage.
You hit the orc but do no damage.
The orc is moderately wounded.
The wall freezes the orc but does no damage. x2
The orc closely misses you.
The wall freezes the orc priest.
You hit the orc.
You kill the orc!
Vehumet accepts your kill.
The wall freezes the orc.
The wall freezes the orc priest.
You hit the orc.
The orc is severely wounded.
You hit the orc.
You kill the orc!
Vehumet accepts your kill.
The frozen ramparts melt away.
The orc priest invokes the aid of Beogh against you.
Beogh smites you!
* * * LOW HITPOINT WARNING * * *
Casting: Frozen Ramparts (quite dangerous; 38% risk of failure)
Confirm with . or Enter, or press ? or * to list all spells.
The spell is quite dangerous to miscast (38% risk of failure)!
Continue anyway?
Casting: Frozen Ramparts (quite dangerous; 38% risk of failure)
Press: ? - help, Dir - look around, f - activate You miscast Frozen Ramparts.
You are very lightly contaminated with residual magic.
Nothing appears to happen.
You closely miss the orc priest.
Your tail-slap misses the orc priest.
The orc priest is moderately wounded.
The orc priest hits you with a +0 hand axe.
* * * LOW HITPOINT WARNING * * *
You hit the orc priest. You drain the orc priest.
The orc priest is severely wounded.
The orc priest hits you with a +0 hand axe.
You die...

##......o.##......########.#
#........##......# #.#
#........o..##)### #..
#.......###..#..####### ####
#.......###............
##########.........####
#.......##.....#.#.#
#.......##.....#o#.###
#.......########@#...##
#.......# #........#..
#.[.....###........#..
#..................#.#
#..................#^#
#####..............#.####
#######........'....##..
#........#.##..#..
#####............>


You could see an orc priest (very drained).

Vanquished Creatures
  2 adders (D:2)
  2 worms (D:2)
  3 dart slugs
  3 orcs (D:3)
  5 ball pythons
  3 bats (D:1)
  2 endoplasms
  A giant cockroach (D:3)
  8 goblins
  4 hobgoblins
  2 quokkas (D:2)
  3 frilled lizards
  5 kobolds
  5 rats
48 creatures vanquished.

Notes
Turn   | Place    | Note
-------+----------+-------------------------------------------
     0 | D:1      | Esekla the Draconian Wanderer began the quest for the Orb.
     0 | D:1      | Esekla set off with the following items: a +0 club, 4
                  | throwing nets, a potion of attraction, a scroll of fog, a
                  | +0 cloak; and the following spell memorised: Freeze; and
                  | the following spells available to memorise: Frozen
                  | Ramparts.
     0 | D:1      | Reached XP level 1. HP: 16/16 MP: 2/2
   305 | D:1      | Reached XP level 2. HP: 22/23 MP: 3/3
  1044 | D:2      | Reached skill level 4 in Dodging
  1044 | D:2      | Reached XP level 3. HP: 17/28 MP: 4/4
  1090 | D:2      | Learned a level 3 spell: Frozen Ramparts
  1441 | D:2      | Reached skill level 1 in Short Blades
  1634 | D:3      | Found a radiant altar of Vehumet.
  1643 | D:3      | Reached XP level 4. HP: 35/35 MP: 6/6
  1650 | D:3      | Became a worshipper of Vehumet
  1983 | D:3      | Slain by an orc priest

Illustrated notes

Levels and vault maps discovered:
D:1:      lightli_arrival_quake, layout_loops_ring
D:2:      layout_basic, chequers_garden
D:3:      layout_basic, nicolae_vehumet_altar_sigil, uniq_terence

Skill      XL: |  1  2  3 |
---------------+----------+-----
Dodging        | 4 |  4.4
Short Blades   | 1 |  1.2
Fighting       | |  1.5
Staves         | |  0.5
Spellcasting   | |  1.6
Ice Magic      | |  1.3
Invocations    | |  1.0
Evocations     | |  2.2

Action                     |  1- 3 |  4- 6 || total
---------------------------+-------+-------++-------
  Melee: Staff             |    14 |       ||    14
         Dagger            |    93 |    35 ||   128
         Tailslap          |     8 |     4 ||    12
         Punch             |     1 |       ||     1
   Cast: Freeze            |     2 |       ||     2
         Frozen Ramparts   |       |     4 ||     4
 Armour: Skin              |    35 |     8 ||    43
  Dodge: Dodged            |    89 |    16 ||   105
